 Dungeon Crawl Stone Soup version 0.25.1-2-g60ff931df9 (webtiles) character file.

Game seed: 12136487230877736238

201 funkygono the Chiller (level 5, -5/38 HPs)
             Began as a Draconian Ice Elementalist on Oct 11, 2020.
             Slain by Grinder (7 damage)
             ... on level 3 of the Dungeon.
             The game lasted 00:05:54 (2557 turns).

funkygono the Chiller (Draconian Ice Elementalist)  Turns: 2557, Time: 00:05:55

Health: -5/38      AC:  6    Str: 11    XL:     5   Next: 50%
Magic:  7/10       EV: 12    Int: 16    God:
Gold:   115        SH:  0    Dex: 11    Spells: 7/11 levels left

rFire    . . .     SeeInvis .   c - +2 quarterstaff (chaos)
rCold    . . .     Gourm    .   (shield currently unavailable)
rNeg     . . .     Faith    .   (armour unavailable)
rPois    +         Spirit   .   (helmet restricted)
rElec    .         Reflect  .   h - +0 cloak
rCorr    .         Harm     .   (no gloves)
MR       .....                  (no boots)
Stlth    ++........             (no amulet)
HPRegen  0.12/turn              j - ring of poison resistance
MPRegen  0.12/turn              (no ring)

@: no status effects
A: unfitting armour, cold-blooded, AC +5
a: no special abilities


You were on level 3 of the Dungeon.
You were not hungry.

You visited 1 branch of the dungeon, and saw 3 of its levels.

You collected 115 gold pieces.

Inventory:

Hand Weapons
 c - a +2 quarterstaff of chaos (weapon)
 d - a +0 dagger
 e - a +0 whip
Missiles
 f - 99 stones (quivered)
Armour
 h - a +0 cloak (worn)
Jewellery
 j - a ring of poison resistance (left hand)
Scrolls
 a - 2 scrolls of teleportation
 g - a scroll of identify
Potions
 k - a potion of lignification {unknown}
Comestibles
 b - 4 rations
 i - 3 chunks of flesh


   Skills:
 + Level 0.2 Maces & Flails
 + Level 0.1(0.2) Staves
 * Level 2.7 Dodging
 + Level 2.0 Stealth
 * Level 3.5 Spellcasting
 * Level 5.3 Ice Magic


You had 7 spell levels left.
You knew the following spells:

 Your Spells              Type           Power        Failure   Level  Hunger
a - Freeze                Ice            ###.         1%          1    None
b - Frozen Ramparts       Ice            ###...       6%          3    ###....

Your spell library contained the following spells:

 Spells                   Type           Power        Failure   Level  Hunger
 Ozocubu's Armour         Chrm/Ice       ##......     19%         3    ###....
 Hailstorm                Conj/Ice       ##......     52%         4    ####...
 Summon Ice Beast         Ice/Summ       ##......     52%         4    ####...


Dungeon Overview and Level Annotations

Branches:
Dungeon (3/15)

Altars:

Annotations:
D:3 Grinder


Innate Abilities, Weirdness & Mutations

Your plain brown scales are hard. (AC +5)
You cannot fit into any form of body armour.
You are cold-blooded and may be slowed by cold attacks.


Message History

Press: ? - help, Shift-Dir - straight line, f/p - Grinder
Aim: Grinder Grinder resists.
You freeze Grinder.
Grinder is lightly wounded.
Grinder hits you.
You writhe in agony.
Casting: Freeze (safe; 1% risk of failure)
Confirm with . or Enter, or press ? or * to list all spells.
Aiming: Freeze (safe; 1% risk of failure)
Press: ? - help, Shift-Dir - straight line, f/p - Grinder
Aim: Grinder (lightly wounded) Grinder resists.
You freeze Grinder.
Grinder is lightly wounded.
Grinder says, "You look like you could use a good racking."
Grinder gestures at you. Pain shoots through your body!
* * * LOW HITPOINT WARNING * * *
You closely miss Grinder.
Grinder is lightly wounded.
Grinder hits you!
You die...

##.# ###########.....
#..# #.......#.....#.
#.## #.......#.#...#.
##.####.......#.#.....
#.....#.........##....
##.##.#.......####..##
####.#.......# #....
#5#.......# ##.##
#@######### #.#
####..## #######.#
♣.....P#####.......#
P....♣♣P..P...#.#######
P... ♣≈♣..P....# #P.
≈≈≈♣≈...P.## #P
..≈≈≈≈.♣....#
##.♣.≈≈♣≈≈≈.P..#
##P..≈≈≈≈.....#


You could see Grinder.

Vanquished Creatures
  Crazy Yiuf (D:2)
  2 centaur skeletons (D:3)
  6 adders (D:2)
  An ooze (D:1)
  2 worms (D:3)
  2 dart slugs (D:2)
  A leopard gecko (D:2)
  2 giant cockroaches (D:1)
  9 goblins
  4 hobgoblins (D:2)
  3 quokkas
  7 bats
  A frilled lizard (D:2)
  5 kobolds (D:1)
  7 rats
  2 fungi (D:2)
55 creatures vanquished.

Vanquished Creatures (others)
  A plant (D:3)
1 creature vanquished.

Grand Total: 56 creatures vanquished

Notes
Turn   | Place    | Note
-------+----------+-------------------------------------------
     0 | D:1      | funkygono the Draconian Ice Elementalist began the quest
                  | for the Orb.
     0 | D:1      | Reached XP level 1. HP: 14/14 MP: 3/3
   248 | D:1      | Reached XP level 2. HP: 20/20 MP: 3/5
   823 | D:2      | Reached XP level 3. HP: 25/26 MP: 3/6
  1295 | D:2      | Reached XP level 4. HP: 27/33 MP: 2/8
  1362 | D:2      | Learned a level 3 spell: Frozen Ramparts
  1466 | D:2      | Found a runed translucent door.
  1467 | D:2      | Noticed Crazy Yiuf
  1482 | D:2      | Killed Crazy Yiuf
  1482 | D:2      | Reached skill level 5 in Ice Magic
  2263 | D:3      | Reached XP level 5. HP: 35/38 MP: 1/9
  2476 | D:3      | Noticed Grinder
  2557 | D:3      | Slain by Grinder

Illustrated notes

Levels and vault maps discovered:
D:1:      scummos_arrival_star, layout_rooms
D:2:      layout_basic, uniq_crazy_yiuf_cottage
D:3:      layout_loops_cross, makhleb_altar_promises_db, first_ration,
          serial_bayou, serial_bayou_pond_c, serial_bayou_shore_a,
          serial_bayou_ford_a, serial_bayou_crossing, serial_bayou_pond_a,
          uniq_grinder

Skill      XL: |  1  2  3  4  5 |
---------------+----------------+-----
Dodging        | 2 |  2.7
Spellcasting   | 3 |  3.5
Ice Magic      | 5 |  5.3
Stealth        | 2 |  2.0
Maces & Flails | |  0.2
Staves         | |  0.1

Action                   |  1- 3 |  4- 6 || total
-------------------------+-------+-------++-------
Melee: Unarmed           |     1 |       ||     1
       Whip              |     4 |    27 ||    31
       Tailslap          |     1 |    12 ||    13
       Quarterstaff      |       |     8 ||     8
 Cast: Freeze            |    54 |    46 ||   100
  Use: Scroll            |     1 |     1 ||     2
 Stab: Petrified         |       |     2 ||     2
  Eat: Chunk             |     2 |       ||     2
       Ration            |       |     1 ||     1
Armor: Skin              |    22 |    13 ||    35
Dodge: Dodged            |    32 |    24 ||    56
